 Dungeon Crawl Stone Soup version 0.28-a0-1624-g820543e53a (webtiles) character file.

Game seed: 4843532120265391660

14 Shayle the Grasshopper (level 2, -4/23 HPs)
             Began as a Demonspawn Warper on Jan 24, 2022.
             Slain by a hobgoblin (5 damage)
             ... on level 1 of the Dungeon.
             The game lasted 00:00:51 (615 turns).

Shayle the Grasshopper (Demonspawn Warper)           Turns: 615, Time: 00:00:52

Health: -4/23      AC:  6    Str: 11    XL:     2   Next: 27%
Magic:  5/5        EV: 10    Int: 14    God:
Gold:   29         SH:  0    Dex: 12    Spells: 5/5 levels left

rFire   . . .      SeeInvis .     - Unarmed
rCold   . . .      Faith    .   (no shield)
rNeg    . . .      Spirit   .   f - +0 ring mail
rPois   .          Reflect  .   (no helmet)
rElec   .          Harm     .   (no cloak)
rCorr   .          Rampage  .   g - +0 pair of gloves
Will    .....                   (no boots)
Stlth   +.........              (no amulet)
HPRegen 0.07/turn               (no ring)
MPRegen 0.09/turn               (no ring)

@: no status effects
A: claws 1
a: no special abilities


You were on level 1 of the Dungeon.
You visited 1 branch of the dungeon, and saw 1 of its levels.

You collected 29 gold pieces.

Inventory:

Missiles
 c - 3 boomerangs of dispersal (quivered)
Armour
 a - a +0 leather armour
 f - a +0 ring mail (worn)
 g - a +0 pair of gloves (worn)
Scrolls
 b - a scroll of blinking
 d - a scroll of noise {unknown}
 e - a scroll of identify {unknown}


   Skills:
 + Level 2.5 Fighting
 - Level 0.8 Throwing
 - Level 0.8 Armour
 - Level 1.7 Dodging
 + Level 2.2 Unarmed Combat
 - Level 2.0 Spellcasting
 - Level 2.6 Translocations


You had 5 spell levels left.
You didn't know any spells.
Your spell library contained the following spells:

 Spells                   Type           Power      Damage    Failure   Level
 Blink                    Tloc           16%        N/A       28%         2
 Gell's Gravitas          Tloc           8%         N/A       50%         3
 Lesser Beckoning         Tloc           8%         N/A       50%         3
 Teleport Other           Tloc           8%         N/A       50%         3
 Manifold Assault         Tloc           8%         N/A       99%         5


Dungeon Overview and Level Annotations

Branches:
Dungeon (1/15)

Altars:


Innate Abilities, Weirdness & Mutations

You have sharp fingernails.


Message History

You hit the hobgoblin but do no damage.
The hobgoblin hits you but does no damage.
You hit the hobgoblin but do no damage.
The hobgoblin hits you but does no damage.
You barely miss the hobgoblin.
The hobgoblin hits you with a +0 dagger.
You hit the hobgoblin but do no damage. The hobgoblin misses you.
You barely miss the hobgoblin. The hobgoblin closely misses you.
You hit the hobgoblin but do no damage.
The hobgoblin hits you but does no damage.
You completely miss the hobgoblin. The hobgoblin closely misses you.
You barely miss the hobgoblin.
The hobgoblin hits you with a +0 dagger.
You barely miss the hobgoblin.
The hobgoblin hits you with a +0 dagger.
You hit the hobgoblin but do no damage. The hobgoblin closely misses you.
You closely miss the hobgoblin. The hobgoblin closely misses you.
You barely miss the hobgoblin.
The hobgoblin hits you with a +0 dagger.
You closely miss the hobgoblin.
The hobgoblin hits you with a +0 dagger.
You hit the hobgoblin but do no damage.
The hobgoblin hits you with a +0 dagger.
* * * LOW HITPOINT WARNING * * *
You barely miss the hobgoblin. The hobgoblin barely misses you.
You hit the hobgoblin but do no damage. The hobgoblin closely misses you.
The hobgoblin throws a boomerang.
The boomerang hits you.
* * * LOW HITPOINT WARNING * * *
Throw: 5 boomerangs (disperse)
Press: ? - help, Q - select action Shift-Dir - straight line, f - hobgoblin
Aim: a hobgoblin, wielding a +0 dagger, wearing a +0 plate armour and quivering boomerangs (69% to hit)
You throw a boomerang of dispersal.
The boomerang of dispersal hits the hobgoblin but does no damage.
Throw: 4 boomerangs (disperse)
Press: ? - help, Q - select action Shift-Dir - straight line, f/p - hobgoblin
Aim: a hobgoblin, wielding a +0 dagger, wearing a +0 plate armour and quivering boomerangs (69% to hit)
You throw a boomerang of dispersal.
The boomerang of dispersal hits the hobgoblin but does no damage.
The hobgoblin hits you with a +0 dagger.
You die...

.#.#......###..####....###....##
.#.#####..#.....# ####..#####..#
.#.# #..#.....### ##.######.#
.#.# #..........#####.....##.#
.#.. ##..#####........#...##.##
..#. #..# #...##...#.#..#... .. #
#..# ###..##.......###. #..#.
###..########.#.........###
##...##.......)g@.....#.......###
........##.#########.#....<....##
.##.....##..# #.##........##
#.......##.# #.##..........
....g....# .. #.###.....###.
.........# ... #...####### ##
.........# ###. ###.# #
...>.....# #.##########
#.......## #...........


You could see a hobgoblin.

Vanquished Creatures
  A dart slug (D:1)
  A ball python (D:1)
  A bat (D:1)
  An endoplasm (D:1)
  3 goblins (D:1)
  2 hobgoblins (D:1)
9 creatures vanquished.

Notes
Turn   | Place    | Note
-------+----------+-------------------------------------------
     0 | D:1      | Shayle the Demonspawn Warper began the quest for the Orb.
     0 | D:1      | Reached XP level 1. HP: 16/16 MP: 3/3
   457 | D:1      | Gained mutation: You have sharp fingernails. [demonic
                  | ancestry]
   457 | D:1      | Reached XP level 2. HP: 21/23 MP: 5/5
   613 | D:1      | HP: 1/23 [hobgoblin/boomerang (2)]
   615 | D:1      | Slain by a hobgoblin

Illustrated notes

Levels and vault maps discovered:
D:1:      dpeg_arrival_orchard, layout_rooms, minmay_misc_feat_columns,
          minmay_tromino_v4_a

Skill      XL: |  1 |
---------------+----+-----
Unarmed Combat | 2 |  2.2
Fighting       | |  2.5
Throwing       | |  0.8
Armour         | |  0.8
Dodging        | |  1.7
Spellcasting   | |  2.0
Translocations | |  2.6

Action                   || total
-------------------------++-------
Melee: Unarmed           ||    57
Throw: Boomerang         ||     2
Armor: Leather armour    ||     9
       Ring mail         ||    16
Dodge: Dodged            ||    33

Table legend: (Time is in decaauts)
 A = Elapsed time spent in this place.
 B = Non-inter-level travel time spent in this place.
 C = Inter-level travel time spent in this place.
 D = Time resting spent in this place.
 E = Time spent auto-exploring this place.
 F = Levels seen in this place.
 G = Mean time per level.
                   A        B        C        D        E       F      G
               +--------+--------+--------+--------+--------+-----+--------+
         Total |    613 |    613 |      0 |    215 |    247 |   1 |  613.0 |
       Dungeon |    613 |    613 |      0 |    215 |    247 |   1 |  613.0 |
               +--------+--------+--------+--------+--------+-----+--------+

Top non-repeatable levels by time:
     D:1: 613 daAuts
